 Dungeon Crawl Stone Soup version 0.29-a0-653-gd47aff6735 (webtiles) character file.

Game seed: 8454268879274997895

25267 nobbins the Destroyer (level 12, -55/89 (91) HPs)
             Began as a Black Draconian Conjurer on June 22, 2022.
             Was the Champion of Okawaru.
             Blown up by a lich (75 damage)
             ... with an orb of destruction
             ... on level 2 of the Abyss.
             The game lasted 01:26:16 (13231 turns).

nobbins the Destroyer (Black Draconian Conjurer)   Turns: 13231, Time: 01:26:17

HP:   -55/89 (91)   AC: 10    Str: 14    XL:     12   Next: 88%
MP:   12/28         EV: 14    Int: 27    God:    Okawaru [******]
Gold: 522           SH:  0    Dex: 13    Spells: 16/35 levels left

rFire   . . .      SeeInvis .   l - staff of conjuration
rCold   + . .      Faith    .   (no shield)
rNeg    . . .      Spirit   .   (body armour unavailable)
rPois   +          Reflect  .   (helmet restricted)
rElec   +          Harm     .   o - +1 cloak of Subjectivity {Fly Int+7}
rCorr   +          Rampage  .   (no gloves)
Will    .....                   (no boots)
Stlth   +++.......              m - amulet of magic regeneration
HPRegen 0.00/turn               h - ring of wizardry
MPRegen 0.61/turn               f - ring of the Red God {Contam rPois rC+ rCorr Str+4}

@: sick, flying, slowed, lightly drained, invisible, very slow
A: breathe lightning, AC +8, unfitting armour, electricity resistance,
cold-blooded
a: Breathe Lightning, Renounce Religion, Heroism, Finesse, Duel


You were on level 2 of the Abyss.
You worshipped Okawaru.
Okawaru was exalted by your worship.
You visited 3 branches of the dungeon, and saw 12 of its levels.
You visited the Abyss 1 time.
You also visited: Sewer.

You collected 1235 gold pieces.
You spent 713 gold pieces at shops.

Inventory:

Missiles
 v - a throwing net
Armour
 g - a +2 cloak
 o - the +1 cloak of Subjectivity (worn) {Fly Int+7}
   (You found it on level 4 of the Dungeon)

   Int:       It affects your intelligence (+7).
   Fly:       It grants you flight.
 K - a scarf of invisibility
Magical Staves
 l - a staff of conjuration (weapon)
Jewellery
 f - the ring of the Red God (right hand) {Contam rPois rC+ rCorr Str+4}
   (You acquired it on level 4 of the Dungeon)

   [ring of protection from cold]

   Str:       It affects your strength (+4).
   rC:        It protects you from cold.
   rPois:     It protects you from poison.
   Contam:    It causes magical contamination when unequipped.
   rCorr:     It protects you from acid and corrosion.
 h - a ring of wizardry (left hand)
 m - an amulet of magic regeneration (around neck)
 s - a ring of protection from fire
 D - an amulet of regeneration
 G - an amulet of guardian spirit
 H - a +6 ring of dexterity
Wands
 b - a wand of light (21)
 t - a wand of digging (6)
 w - a wand of polymorph (7)
 C - a wand of iceblast (15)
Scrolls
 c - 3 scrolls of amnesia
 e - 2 scrolls of poison
 i - 2 scrolls of teleportation
 p - 2 scrolls of blinking
 u - 3 scrolls of fear
 y - a scroll of enchant armour {unknown}
 B - a scroll of torment {unknown}
 I - a scroll of immolation {unknown}
 J - a scroll of fog
 M - a scroll of noise {unknown}
Potions
 d - 5 potions of curing
 j - 4 potions of resistance
 k - 4 potions of attraction
 n - 3 potions of might
 q - a potion of haste {unknown}
 r - 4 potions of mutation
 x - 2 potions of brilliance
 z - 3 potions of degeneration
 A - a potion of lignification {unknown}
 E - a potion of cancellation
 F - 2 potions of magic


   Skills:
 + Level 4.2 Fighting
 + Level 0.2(2.3) Polearms
 + Level 3.8 Staves
 + Level 5.9 Dodging
 + Level 4.9 Stealth
 + Level 12.1 Spellcasting
 + Level 13.2 Conjurations
 + Level 5.0 Hexes
 + Level 5.8 Translocations
 + Level 0.2 Air Magic
 + Level 0.3 Invocations
 + Level 0.1 Evocations


You had 16 spell levels left.
You knew the following spells:

 Your Spells              Type           Power      Damage    Failure   Level
a - Magic Dart            Conj           100%       1d8       0%          1
b - Searing Ray           Conj           100%       2d8       0%          2
c - Dazzling Flash        Conj/Hex       100%       N/A       1%          3
d - Iskenderun's Mystic   Conj/Tloc      80%        2d16      1%          4
e - Fulminant Prism       Conj/Hex       39%        3d18      1%          4
f - Lightning Bolt        Conj/Air       34%        1d51      2%          5

Your spell library contained the following spells:

 Spells                   Type           Power      Damage    Failure   Level
 Portal Projectile        Hex/Tloc       90%        N/A       1%          3
 Anguish                  Hex/Necr       14%        N/A       4%          4
 Leda's Liquefaction      Hex/Erth       14%        N/A       4%          4
 Airstrike                Air            8%         N/A       12%         4
 Enfeeble                 Hex            21%        N/A       80%         7
 Call Canine Familiar     Summ           Unusable   N/A       N/A         3
 Summon Lightning Spire   Summ/Air       Unusable   N/A       N/A         4

Dungeon Overview and Level Annotations

Branches:
Dungeon (9/15)             Temple (0/1) D:7             Orc (2/2) D:9
    Elf (1/3) Orc:2         Sewer (visited)
   Lair: D:8-11

Altars:
Okawaru
Uskayaw

Shops:
D:6 :   D:7 [   Orc:2 =*![:**   Elf:1 ?*

Annotations:
D:3 xian's ghost, amateur DrFi
Elf:1 exclusions: deep elf zephyrmancer and 1 more exclusion


Innate Abilities, Weirdness & Mutations

You can breathe wild blasts of lightning.
Your glossy black scales are hard. (AC +8)
You cannot fit into any form of body armour.
You are resistant to electric shocks. (rElec)
You are cold-blooded and may be slowed by cold attacks.


Message History

A chorus of shrieks assaults your mind.
You fade into invisibility!
Something conjures a glowing orb.
A chorus of shrieks assaults your mind.
* * * LOW HITPOINT WARNING * * *
A starcursed mass splits.
An orb of destruction comes into view.
Okay, then.
Blink to where?
Press: ? - help, Dir - move target A shadow dragon zombie comes into view.
Found a gateway leading deeper into the Abyss.
As you read the scroll of blinking, it crumbles to dust.
Something tries to affect you, but you resist.
You feel yourself slow down.
Something conjures a glowing orb.
An orb of destruction comes into view.
Casting: Fulminant Prism (safe; 1% risk of failure)
Confirm with . or Enter, or press ? or * to list all spells.
Aiming: Fulminant Prism (safe; 1% risk of failure)
Press: ? - help, Dir - move target You feel a surge of power!
You conjure a prism of explosive energy!
A fulminant prism comes into view.
Something touches you.
* * * LOW HITPOINT WARNING * * *
A wraith comes into view.
Casting: Fulminant Prism (safe; 1% risk of failure)
Confirm with . or Enter, or press ? or * to list all spells.
You can't see any susceptible monsters within range! (Use Z to cast anyway.)
Casting: Fulminant Prism (safe; 1% risk of failure)
Confirm with . or Enter, or press ? or * to list all spells.
You feel a surge of power!
You erupt in a blast of force!
The mystic blast hits something!
You hear a horrible gurgling sound! x2
A lich appears from thin air!
Reactivating autopickup.
The orb of destruction hits you!!!!
Ouch! That really hurt!
You die...

### #.. ##.##
##..###...###
...#.##.#..# .#
#.##..@...#
...###..○○L..#W..#
#.#.....°.##.# #
.#...#..°.*..#.#
....##X.......## #
..........#..#..#
. #
......5##..#.##.#
# .....#..# #.>.#
# .
#.###.#.....###


You could see a lich (fast), a large abomination (wandering, can't see you, ally
target), a wraith, a white imp (wandering, can't see you) and a friendly
fulminant prism.

Vanquished Creatures
  An orc warlord (Orc:2)
  A deep elf annihilator (Elf:1)
  Erica (D:8)
  A two-headed ogre (D:9)
  5 orc high priests (Orc:2)
  2 deep elf knights (Elf:1)
  A wretched star (Abyss:2)
  3 deep elf archers (Elf:1)
  8 deep elf zephyrmancers (Elf:1)
  5 deep elf pyromancers (Elf:1)
  An orc sorcerer (Orc:2)
  A smoke demon (Abyss:2)
  An ancient zyme (Abyss:2)
  2 trolls
  Grinder (D:3)
  6 starcursed masses (Abyss:2)
  5 yaks (D:9)
  2 shadows
  A ynoxinul (Abyss:2)
  Grum (D:8)
  Menkaure (D:6)
  2 wargs (Orc:2)
  3 water moccasins
  18 orc warriors
  5 sky beasts
  5 black bears
  An ice beast (D:6)
  3 ogres
  3 wolves (D:8)
  A centaur (D:9)
  A phantom (D:4)
  3 bullfrogs
  4 kobold brigands
  4 small abominations (Abyss:2)
  2 necrophages
  5 wights (D:7)
  3 killer bees (D:9)
  An electric eel (D:9)
  7 howler monkeys
  3 quasits (D:3)
  A gnoll shaman (D:5)
  7 hounds
  A jelly (D:4)
  28 orc priests
  4 iguanas
  An iron imp (Abyss:2)
  21 orc wizards
  11 gnolls
  9 adders
  2 shadow imps
  An ufetubus (D:6)
  2 worms (D:4)
  2 dart slugs
  60 orcs
  2 bats (D:2)
  9 endoplasms
  A giant cockroach (D:3)
  11 hobgoblins
  5 jackals
  29 kobolds
  4 quokkas
  7 ball pythons
  3 frilled lizards
  7 goblins
  3 rats
355 creatures vanquished.

Vanquished Creatures (others)
  2 orcs (D:9)
  100 fulminant prisms
102 creatures vanquished.

Grand Total: 457 creatures vanquished

Notes
Turn   | Place    | Note
-------+----------+-------------------------------------------
     0 | D:1      | nobbins the Draconian Conjurer began the quest for the Orb.
     0 | D:1      | Reached XP level 1. HP: 14/14 MP: 3/3
   266 | D:1      | Reached XP level 2. HP: 20/20 MP: 1/5
   269 | D:1      | Learned a level 2 spell: Searing Ray
   572 | D:1      | Found a faded altar of an unknown god.
   585 | D:1      | Prayed at the altar of an unknown god.
   585 | D:1      | Became a worshipper of Warmaster Okawaru
   585 | D:1      | Reached * piety under Okawaru
   823 | D:2      | Reached XP level 3. HP: 26/26 MP: 4/6
  1616 | D:2      | Learned a level 3 spell: Dazzling Flash
  1632 | D:2      | Reached skill level 1 in Fighting
  1780 | D:2      | Reached XP level 4. HP: 35/35 MP: 1/7
  2100 | D:3      | Found a transporter.
  2101 | D:3      | Noticed xian's ghost (amateur DrFi)
  2188 | D:3      | Reached skill level 5 in Conjurations
  2708 | D:3      | Identified the +1 leather armour of Lucint {-Tele rPois
                  | Dex+3}
  2722 | D:3      | Noticed Grinder
  2727 | D:3      | Paralysed by Grinder for 2 turns
  2743 | D:3      | Killed Grinder
  2743 | D:3      | Reached ** piety under Okawaru
  2744 | D:3      | Reached skill level 1 in Staves
  2744 | D:3      | Reached XP level 5. HP: 21/40 MP: 5/10
  2744 | D:3      | Reached XP level 6. HP: 25/47 MP: 5/11
  3069 | D:3      | Found a transporter.
  3424 | D:4      | Found a glowing drain.
  3428 | D:4      | Identified the +4 shortbow "Luuh" {speed, rF+ rC- Dex+6
                  | SInv}
  3453 | D:4      | Reached skill level 6 in Conjurations
  3532 | D:4      | Identified the +1 cloak of Subjectivity {Fly Int+7}
  3557 | Sewer    | Entered a sewer
  3637 | Sewer    | Noticed a water moccasin
  3644 | Sewer    | Killed a water moccasin
  3644 | Sewer    | Reached *** piety under Okawaru
  3645 | Sewer    | Your scales start taking on a glossy black colour.
  3645 | Sewer    | Reached XP level 7. HP: 44/53 MP: 7/13
  3645 | Sewer    | Gained mutation: You are resistant to electric shocks.
                  | (rElec) [Black Draconian growth]
  3768 | D:4      | Learned a level 4 spell: Iskenderun's Mystic Blast
  4110 | D:4      | Identified a scroll of acquirement
  4111 | D:4      | Acquired the ring of the Red God {Contam rPois rC+ rCorr
                  | Str+4}
  4603 | D:5      | Entered Level 5 of the Dungeon
  4749 | D:5      | Reached XP level 8. HP: 56/61 MP: 12/15
  4859 | D:5      | Reached skill level 5 in Spellcasting
  5022 | D:5      | Reached skill level 7 in Conjurations
  5494 | D:5      | Reached **** piety under Okawaru
  5790 | D:6      | Noticed Menkaure
  5874 | D:6      | Found Kapilolipno's Book Shop.
  6085 | D:6      | Reached XP level 9. HP: 38/68 MP: 9/19
  6206 | D:6      | Killed Menkaure
  6207 | D:6      | Reached skill level 8 in Conjurations
  6396 | D:7      | Reached ***** piety under Okawaru
  6513 | D:7      | Found a hide-covered altar of Uskayaw.
  6564 | D:7      | Found a staircase to the Ecumenical Temple.
  6584 | D:7      | Received a gift from Okawaru
  6683 | D:7      | Reached skill level 1 in Translocations
  6752 | D:7      | Found a flagged portal.
  7137 | D:7      | Reached skill level 9 in Conjurations
  7145 | D:7      | Found Honoe's Armour Shop.
  7591 | D:8      | Noticed Grum
  7610 | D:8      | Killed Grum
  7614 | D:8      | Reached XP level 10. HP: 52/77 MP: 13/22
  7649 | D:8      | Identified the +0 kite shield of the Spheres {rPois Regen+
                  | Dex+2} (Okawaru gifted it to you on level 8 of the Dungeon)
  7649 | D:8      | Received a gift from Okawaru
  8555 | D:9      | Noticed Erica
  8790 | D:8      | Killed Erica
  9035 | D:9      | Learned a level 4 spell: Fulminant Prism
  9176 | D:9      | Noticed a two-headed ogre
  9194 | D:9      | Reached skill level 10 in Conjurations
  9203 | D:9      | Killed a two-headed ogre
  9281 | D:9      | Reached skill level 5 in Dodging
  9554 | D:9      | Found a staircase to the Orcish Mines.
  9889 | Orc:1    | Entered Level 1 of the Orcish Mines
  9955 | Orc:2    | Entered Level 2 of the Orcish Mines
  9970 | Orc:2    | Found a staircase to the Elven Halls.
 10153 | Orc:2    | Noticed an orc warlord
 10159 | Orc:2    | Reached skill level 1 in Hexes
 10159 | Orc:2    | Reached XP level 11. HP: 83/83 MP: 18/24
 10184 | Orc:2    | Killed an orc warlord
 10202 | Orc:2    | Found Pasomn's Self-Improvement Boutique.
 10215 | Orc:2    | Noticed an orc high priest
 10272 | Orc:2    | Killed an orc high priest
 10272 | Orc:2    | Received a gift from Okawaru
 10273 | Orc:2    | Reached skill level 10 in Spellcasting
 10273 | Orc:2    | Reached skill level 11 in Conjurations
 10872 | Orc:2    | Noticed an orc sorcerer
 10875 | Orc:2    | Paralysed by an orc sorcerer for 5 turns
 10884 | Orc:2    | Killed an orc sorcerer
 10900 | Orc:2    | Noticed an orc high priest
 10929 | Orc:2    | Killed an orc high priest
 10929 | Orc:2    | Received a gift from Okawaru
 11047 | Orc:2    | Noticed an orc high priest
 11055 | Orc:2    | Killed an orc high priest
 11332 | Orc:2    | Found Tivvuom's General Store.
 11332 | Orc:2    | Found Rauc's Antique Armour Boutique.
 11333 | Orc:2    | Found Utuf's Distillery.
 11336 | Orc:2    | Found Jagikufo's Jewellery Shop.
 11344 | Orc:2    | Bought a potion of curing for 36 gold pieces
 11344 | Orc:2    | Bought a potion of magic for 96 gold pieces
 11344 | Orc:2    | Bought a potion of brilliance for 48 gold pieces
 11346 | Orc:2    | Bought a potion of heal wounds for 85 gold pieces
 11524 | Orc:2    | Found Koos's Specific Store.
 11533 | Orc:2    | Found Womionil's General Store.
 11533 | Orc:2    | Noticed an orc high priest
 11543 | Orc:2    | Killed an orc high priest
 11590 | Orc:1    | Reached skill level 5 in Translocations
 11650 | Orc:1    | You are sucked into a shaft and drop 1 floor!
 11681 | Orc:2    | Noticed an orc high priest
 11682 | Orc:2    | Noticed a sun demon
 11683 | Orc:2    | Noticed a soul eater
 11690 | Orc:2    | Killed an orc high priest
 11922 | Elf:1    | Entered Level 1 of the Elven Halls
 11924 | Elf:1    | Noticed a deep elf zephyrmancer
 11924 | Elf:1    | Noticed a deep elf zephyrmancer
 11927 | Elf:1    | Noticed a deep elf pyromancer
 11928 | Elf:1    | Killed a deep elf zephyrmancer
 11934 | Elf:1    | Killed a deep elf pyromancer
 11939 | Elf:1    | Killed a deep elf zephyrmancer
 11940 | Elf:1    | Reached skill level 12 in Conjurations
 11940 | Elf:1    | Reached XP level 12. HP: 36/91 MP: 3/26
 12179 | Elf:1    | Found Zekianuck's General Store.
 12218 | Elf:1    | Reached ****** piety under Okawaru
 12719 | Elf:1    | Bought a book of Storms for 448 gold pieces
 12725 | Elf:1    | Learned a level 5 spell: Lightning Bolt
 12726 | Elf:1    | Found Kubeo's Magic Scroll Emporium.
 12827 | Elf:1    | Noticed a deep elf annihilator
 12888 | Elf:1    | Killed a deep elf annihilator
 12954 | Elf:1    | Reached skill level 13 in Conjurations
 12988 | Elf:1    | Noticed a deep elf sorcerer
 12996 | Elf:1    | Cast into level 2 of the Abyss (a deep elf sorcerer)
 13059 | Abyss:2  | Identified the +1 pair of boots of the Chupacabra {Drain
                  | rF+ SInv Stlth+} (Okawaru gifted it to you on level 2 of
                  | the Abyss)
 13059 | Abyss:2  | Received a gift from Okawaru
 13191 | Abyss:2  | Noticed a starcursed mass
 13196 | Abyss:2  | Noticed a lich
 13201 | Abyss:2  | Killed a starcursed mass
 13202 | Abyss:2  | Reached skill level 5 in Hexes
 13214 | Abyss:2  | Noticed a starcursed mass
 13231 | Abyss:2  | Blown up by a lich

Illustrated notes

Levels and vault maps discovered:
D:1:      wander_arrival_lonely_grave, layout_basic,
          ebering_ecumenical_altar_rust, minmay_misc_feat_pillars
D:2:      layout_loops_corners, nicolae_concentric_dashed_squares_mild,
          st_stairs_8, chequers_arboretum, serial_park_tiny_1
D:3:      layout_basic, gammafunk_ghost_stat_death, uniq_grinder
D:4:      layout_loops_ring, cheibrodos_sewer_entry_drain,
          kennysheep_small_spiral, uniq_crazy_yiuf_cottage
D:5:      layout_basic
D:6:      layout_rooms, serial_shops, shop, uniq_menkaure
D:7:      layout_cave_pods, lemuel_tele_altar, minmay_temple_entry_offerings,
          enter_bailey_8, nicolae_stop_n_shop_1
D:8:      layout_basic, serial_rivers, chequers_serial_rivers_marsh,
          chequers_serial_rivers_room_a, chequers_serial_rivers_small_3,
          chequers_serial_rivers_marsh, chequers_serial_rivers_micro_d,
          chequers_serial_rivers_marsh, uniq_grum
D:9:      layout_cave_pools, erik_orc_2, uniq_erica
Orc:1:    layout_diamond_mine, basic_altar, nicolae_orc_sculptors_studio
Orc:2:    st_orc_mages, layout_diamond_mine, nicolae_specific_store,
          nicolae_shop_self_help
Elf:1:    elf_arrival_001, layout_geoelf_grid, serial_shops,
          nicolae_shop_crystal, minmay_elf_annihilation, minivault_16,
          grunt_megastairs_2, minmay_shoptagon
Abyss:2:  base: D:3, evilmike_abyss_exit_vortex

Skill      XL: |  1  2  3  4  5  6  7  8  9 10 11 12 |
---------------+-------------------------------------+-----
Stealth        | 2 3 4 |  4.9
Fighting       | 1 2 3 4 |  4.2
Conjurations   | 5 6 7 9 10 12 13 | 13.2
Staves         | 1 2 3 |  3.8
Dodging        | 2 3 4 5 |  5.9
Spellcasting   | 3 4 6 8 9 10 12 | 12.1
Translocations | 1 3 5 |  5.8
Hexes          | 1 3 5 |  5.0
Polearms       | |  0.2
Air Magic      | |  0.2
Invocations    | |  0.3
Evocations     | |  0.1

Action                   |  1- 3 |  4- 6 |  7- 9 | 10-12 || total
-------------------------+-------+-------+-------+-------++-------
Melee: Spear             |    15 |       |       |       ||    15
       Tailslap          |     3 |     3 |     8 |     8 ||    22
       Staff             |     8 |    25 |    46 |    50 ||   129
       Punch             |     1 |       |       |     1 ||     2
 Cast: Magic Dart        |    50 |    30 |   134 |   107 ||   321
       Searing Ray       |     3 |    13 |    59 |    29 ||   104
       Dazzling Flash    |       |     1 |     2 |       ||     3
       Iskenderun's Myst |       |       |    15 |    87 ||   102
       Fulminant Prism   |       |       |       |   102 ||   102
       Lightning Bolt    |       |       |       |     1 ||     1
Invok: Heroism           |       |       |     1 |     1 ||     2
 Abil: Breathe Lightning |       |       |     4 |     2 ||     6
Evoke: Wand              |       |       |       |     1 ||     1
  Use: Scroll            |       |     6 |     8 |     7 ||    21
       Potion            |       |     1 |     1 |     7 ||     9
Armor: Skin              |     4 |    39 |    30 |    36 ||   109
Dodge: Dodged            |    15 |    62 |    61 |    70 ||   208

Table legend: (Time is in decaauts)
 A = Elapsed time spent in this place.
 B = Non-inter-level travel time spent in this place.
 C = Inter-level travel time spent in this place.
 D = Time resting spent in this place.
 E = Time spent auto-exploring this place.
 F = Levels seen in this place.
 G = Mean time per level.
                   A        B        C        D        E       F      G
               +--------+--------+--------+--------+--------+-----+--------+
         Total |  13301 |  12848 |    453 |   2518 |   5955 |  14 |  950.1 |
       Dungeon |   9775 |   9370 |    405 |   1190 |   5364 |   9 | 1086.1 |
  Orcish Mines |   2298 |   2250 |     48 |    805 |    556 |   2 | 1149.0 |
   Elven Halls |    832 |    832 |      0 |    449 |      0 |   1 |  832.0 |
         Abyss |    235 |    235 |      0 |     74 |      0 |   1 |  235.0 |
         Sewer |    158 |    158 |      0 |      0 |     35 |   1 |  158.0 |
               +--------+--------+--------+--------+--------+-----+--------+

Top non-repeatable levels by time:
   Orc:2: 1957 daAuts
     D:8: 1475 daAuts
     D:2: 1369 daAuts
     D:3: 1332 daAuts
     D:5: 1216 daAuts
     D:7: 1141 daAuts
     D:4: 1087 daAuts
     D:9: 904 daAuts
   Elf:1: 832 daAuts
     D:1: 665 daAuts
     D:6: 583 daAuts
   Orc:1: 341 daAuts
 Abyss:2: 235 daAuts
   Sewer: 158 daAuts
